 Dungeon Crawl Stone Soup version 0.21.1-1-g345015f (webtiles) character file.

92 Lurcharcal the Ruffian (level 4, -2/35 HPs)
             Began as a Draconian Transmuter on May 28, 2018.
             Slain by Crazy Yiuf
             ... wielding a +2 quarterstaff of chaos
              (12 damage)
             ... on level 2 of the Dungeon.
             The game lasted 00:08:06 (1062 turns).

Lurcharcal the Ruffian (Draconian Transmuter)       Turns: 1062, Time: 00:08:07

Health: -2/35      AC:  5    Str: 12    XL:     4   Next: 35%
Magic:  6/7        EV: 12    Int: 15    God:
Gold:   88         SH:  0    Dex: 11    Spells: 6/7 levels left

rFire    x . .     SeeInvis .     - Unarmed
rCold    + . .     Gourm    .   (no shield)
rNeg     . . .     Faith    .   (armour unavailable)
rPois    .         Spirit   .   (helmet restricted)
rElec    .         Reflect  .   (no cloak)
rCorr    .         Harm     .   (no gloves)
MR       .....                  (no boots)
Stlth    +.........             (no amulet)
HPRegen  0.11/turn              k - ring of ice
MPRegen  0.10/turn              (no ring)

@: appendage (expiring), hasted, very quick
A: unfitting armour, horns 2, cold-blooded, AC +5
a: End Transformation


You were on level 2 of the Dungeon.
You were not hungry.
You had grown temporary horns.
You visited 1 branch of the dungeon, and saw 2 of its levels.

You collected 88 gold pieces.

Inventory:

Missiles
 a - 38 arrows
Jewellery
 h - a cursed ring of teleportation {unknown}
 k - a ring of ice (left hand)
Scrolls
 f - a scroll of immolation {unknown}
 i - 2 scrolls of random uselessness {unknown}
 j - 2 scrolls of fear {unknown}
Books
 b - a book of Changes

   Spells                             Type                      Level
   a - Beastly Appendage              Transmutation                1
   b - Sticks to Snakes               Transmutation                2
   c - Spider Form                    Transmutation/Poison         3
   d - Ice Form                       Ice/Transmutation            4
   e - Blade Hands                    Transmutation                5
Comestibles
 c - 6 rations
 d - 2 chunks of flesh


   Skills:
 + Level 1.1 Fighting
 + Level 2.5 Dodging
 + Level 4.1 Unarmed Combat
 + Level 2.3 Spellcasting
 * Level 2.6 Transmutations


You had 6 spell levels left.
You knew the following spells:

 Your Spells              Type           Power        Failure   Level  Hunger
a - Beastly Appendage     Tmut           #.....       7%          1    #......


Dungeon Overview and Level Annotations

Branches:
Dungeon (2/15)

Altars:

Annotations:
D:2 Crazy Yiuf


Innate Abilities, Weirdness & Mutations

Your plain brown scales are hard. (AC +5)
You cannot fit into any form of body armour.
You are cold-blooded and may be slowed by cold attacks.
You have a pair of horns on your head.


Message History

Crazy Yiuf is moderately wounded.
You feel sick.
Crazy Yiuf hits you with a quarterstaff of chaos!
You feel yourself speed up.
You hit Crazy Yiuf.
Crazy Yiuf is moderately wounded.
You hit Crazy Yiuf but do no damage.
Crazy Yiuf is moderately wounded.
Crazy Yiuf hits you with a quarterstaff of chaos.
* * * LOW HITPOINT WARNING * * *
It was a potion of curing.
You feel better.
You hit Crazy Yiuf.
Crazy Yiuf is moderately wounded.
Crazy Yiuf hits you with a quarterstaff of chaos!
* * * LOW HITPOINT WARNING * * *
Crazy Yiuf burns you.
* * * LOW HITPOINT WARNING * * *
You feel better.
Crazy Yiuf hits you with a quarterstaff of chaos!
You die...

##########
##########
########.#...'..#
#...##..#.......####
#.g@'.####..........
#)..### ##..'.#####
##### ######


You could see Crazy Yiuf.

Vanquished Creatures
  Jessica (D:2)
  2 adders (D:2)
  An ooze (D:1)
  A dart slug (D:2)
  3 leopard geckos
  A ball python (D:2)
  4 giant cockroaches
  4 goblins
  2 hobgoblins (D:1)
  5 bats
  5 frilled lizards (D:1)
  7 kobolds
  5 rats
41 creatures vanquished.

Notes
Turn   | Place    | Note
-------+----------+-------------------------------------------
     0 | D:1      | Lurcharcal the Draconian Transmuter began the quest for the Orb.
     0 | D:1      | Reached XP level 1. HP: 16/16 MP: 3/3
   234 | D:1      | Reached XP level 2. HP: 23/23 MP: 3/5
   594 | D:2      | Reached XP level 3. HP: 28/28 MP: 6/6
   698 | D:2      | Noticed Jessica
   709 | D:2      | Killed Jessica
   709 | D:2      | Reached skill level 4 in Unarmed Combat
   709 | D:2      | Reached XP level 4. HP: 13/35 MP: 5/7
  1048 | D:2      | Found a runed door.
  1052 | D:2      | Noticed Crazy Yiuf
  1062 | D:2      | Slain by Crazy Yiuf

Skill      XL: |  1  2  3 |
---------------+----------+-----
Dodging        | 2 |  2.5
Unarmed Combat | 4 |  4.1
Fighting       | |  1.1
Spellcasting   | |  2.3
Transmutations | |  2.6

Action                   |  1- 3 |  4- 6 || total
-------------------------+-------+-------++-------
Melee: Unarmed           |   104 |    39 ||   143
       Tailslap          |    11 |     3 ||    14
       Kick              |     8 |     2 ||    10
       Headbutt          |     3 |     2 ||     5
       Punch             |     1 |     2 ||     3
 Cast: Beastly Appendage |    16 |     5 ||    21
  Use: Scroll            |     1 |       ||     1
       Potion            |       |     2 ||     2
  Eat: Chunk             |       |     1 ||     1
Armor: Skin              |    34 |    17 ||    51
Dodge: Dodged            |    65 |    27 ||    92
